 Dungeon Crawl Stone Soup version 0.27-a0-765-ge4d627daa3 (webtiles) character file.

Game seed: 3108070350454019041

1798 leviel the Fighter (level 9, -14/67 (82) HPs)
             Began as a Hill Orc Fighter on Mar 25, 2021.
             Was an Initiate of the Shining One.
             Killed from afar by Maggie (28 damage)
             ... with a bolt of fire
             ... on level 6 of the Dungeon.
             The game lasted 00:14:11 (5613 turns).

leviel the Fighter (Hill Orc Fighter)               Turns: 5613, Time: 00:14:12

HP:   -14/67 (82)   AC:  7    Str: 22    XL:     9   Next: 9%
MP:   9/9           EV:  8    Int:  8    God:    the Shining One [......]
Gold: 331           SH: 10    Dex: 10    Spells: 8/8 levels left

rFire    . . .     SeeInvis .   a - +1 war axe (elec)
rCold    . . .     Faith    .   c - +0 kite shield
rNeg     . . .     Spirit   .   b - +0 scale mail
rPois    .         Reflect  .   (no helmet)
rElec    .         Harm     .   (no cloak)
rCorr    .         Rampage  .   (no gloves)
Will     .....                  (no boots)
Stlth    ..........             (no amulet)
HPRegen  0.21/turn              (no ring)
MPRegen  0.11/turn              (no ring)

@: mighty, mesmerised, glowing, heavily drained
A: no striking features
a: Renounce Religion


You were on level 6 of the Dungeon.
You worshipped the Shining One.
The Shining One was noncommittal.
You visited 1 branch of the dungeon, and saw 6 of its levels.

You collected 331 gold pieces.

Inventory:

Hand Weapons
 a - a +1 war axe of electrocution (weapon)
Armour
 b - a +0 scale mail (worn)
 c - a +0 kite shield (worn)
Jewellery
 h - an amulet of the acrobat
Scrolls
 f - a scroll of fog
 g - 6 scrolls of identify
 k - a scroll of teleportation {unknown}
Potions
 e - 5 potions of curing
 i - 3 potions of berserk rage {unknown}
 j - 2 potions of mutation {unknown}
 l - a potion of invisibility {unknown}
 m - a potion of degeneration {unknown}
 o - a potion of lignification {unknown}
 q - 2 potions of flight {unknown}
 s - a potion of magic {unknown}
 v - 2 potions of brilliance {unknown}


   Skills:
 * Level 8.7 Fighting
 + Level 6.7 Axes
 + Level 6.1 Armour
 + Level 6.0 Shields
 + Level 4.3 Evocations


You had 8 spell levels left.
You didn't know any spells.
Your spell library contained the following spells:

 Spells                   Type           Power      Damage    Failure   Level
 Animate Skeleton         Necr           0%         N/A       98%         1
 Apportation              Tloc           0%         N/A       98%         1
 Corona                   Hex            0%         N/A       98%         1
 Pain                     Necr           0%         1d4       98%         1
 Summon Small Mammal      Summ           0%         N/A       98%         1
 Confusing Touch          Hex            0%         N/A       100%        3
 Gell's Gravitas          Tloc           0%         N/A       100%        3
 Petrify                  Tmut/Erth      0%         N/A       100%        4
 Metabolic Englaciation   Hex/Ice        0%         N/A       100%        5
 Yara's Violent Unravell  Hex/Tmut       0%         3d3       100%        5


Dungeon Overview and Level Annotations

Branches:
Dungeon (6/15)
 Temple: D:4-7

Altars:
Dithmenos
Makhleb
Okawaru
Ru
Sif Muna
Uskayaw
Xom
Zin
The Shining One

Annotations:
D:6 Maggie


Message History

You are too confused!
You are too confused!
Maggie zaps a wand.
Your will is overpowered!
You are more confused.
The now-empty wand crumbles to dust.
You barely miss Maggie.
Maggie is lightly wounded.
Maggie hits you with a +0 broad axe of draining!
You feel drained.
Maggie says, "Have you seen any dragons?"
Maggie hits you with a +0 broad axe of draining!
You feel drained.
You hit Maggie.
Maggie is lightly wounded.
Maggie hits you with a +0 broad axe of draining.
You feel drained.
You closely miss Maggie.
Maggie is lightly wounded.
Maggie barely misses you.
Maggie mumbles some strange words.
Maggie attempts to bespell you!
You are mesmerised by Maggie!
You slash Maggie!
Maggie is moderately wounded.
Maggie barely misses you.
Maggie hits you with a +0 broad axe of draining.
You feel drained.
Maggie hits you with a +0 broad axe of draining!
* * * LOW HITPOINT WARNING * * *
You feel drained.
* * * LOW HITPOINT WARNING * * *
You feel better.
Maggie hits you with a +0 broad axe of draining!
* * * LOW HITPOINT WARNING * * *
You feel drained.
* * * LOW HITPOINT WARNING * * *
You feel very mighty all of a sudden. Maggie gestures at you while chanting.
The bolt of fire hits you!!
You die...

.......# .......# ######
.########### ...... ..#
#....#######......
#.#####....##...........
...........'......>.....
##.####....##...........
#.## #....##...@.......
#..# #....##...@.......
##.#####.###...........
#..# #.# #......##+##
##.## #.# #^.....#
#..###'###......#
#####.##.......#...# ..#
#..#.......#...# #.#
##.#.......#####
#.####..#+######


You could see Maggie (mesmerising).

Vanquished Creatures
  The ghost of rocketpapaya the Quickloader, a novice KoHu of Dithmenos (D:5)
  A hornet (D:5)
  A water moccasin (D:6)
  Duvessa (D:5)
  A sky beast (D:5)
  A black bear (D:6)
  An ogre (D:4)
  2 phantoms
  Dowan (D:5)
  A scorpion (D:4)
  A crimson imp (D:5)
  A jelly (D:4)
  A gnoll shaman (D:5)
  A hound (D:4)
  A centaur zombie (D:5)
  Jessica (D:2)
  An orc wizard (D:5)
  2 worker ants
  A howler monkey zombie (D:5)
  An adder (D:3)
  10 gnolls
  2 worms
  2 dart slugs
  6 orcs
  7 ball pythons
  9 endoplasms
  A giant cockroach (D:3)
  8 goblins
  5 hobgoblins
  6 jackals (D:1)
  2 kobolds
  2 quokkas (D:2)
  3 bats
  A frilled lizard (D:1)
  4 rats
90 creatures vanquished.

Vanquished Creatures (others)
  7 plants (D:4)
7 creatures vanquished.

Grand Total: 97 creatures vanquished

Notes
Turn   | Place    | Note
-------+----------+-------------------------------------------
     0 | D:1      | leviel the Hill Orc Fighter began the quest for the Orb.
     0 | D:1      | Reached XP level 1. HP: 19/19 MP: 1/1
    91 | D:1      | Reached XP level 2. HP: 27/27 MP: 2/2
   290 | D:1      | Reached skill level 4 in Fighting
   495 | D:1      | Reached XP level 3. HP: 33/33 MP: 3/3
  1729 | D:2      | Noticed Jessica
  1735 | D:2      | Killed Jessica
  1736 | D:2      | Reached skill level 1 in Evocations
  1736 | D:2      | Reached XP level 4. HP: 41/41 MP: 4/4
  1738 | D:2      | Identified Jessica's Almanac of Sinister Secrets
  2042 | D:3      | Found a shimmering blue altar of Sif Muna.
  2181 | D:3      | Found a hide-covered altar of Uskayaw.
  2193 | D:3      | Became a worshipper of Uskayaw the Reveller
  2299 | D:3      | Found an iron altar of Okawaru.
  2304 | D:3      | Reached * piety under Uskayaw
  2305 | D:3      | Reached ** piety under Uskayaw
  2314 | D:3      | Reached *** piety under Uskayaw
  2316 | D:3      | Reached XP level 5. HP: 42/47 MP: 5/5
  2420 | D:3      | Found a glowing golden altar of the Shining One.
  2895 | D:4      | Reached skill level 5 in Fighting
  3007 | D:4      | Identified the +1 robe "Reelor" {Str+2 Int+4}
  3086 | D:4      | Reached XP level 6. HP: 53/56 MP: 6/6
  3420 | D:4      | Found a shadowy altar of Dithmenos.
  3727 | D:3      | Fell from the grace of Uskayaw
  3727 | D:3      | Became a worshipper of the Shining One
  4007 | D:5      | Entered Level 5 of the Dungeon
  4012 | D:5      | Reached skill level 6 in Fighting
  4099 | D:5      | Noticed Duvessa
  4103 | D:5      | Reached XP level 7. HP: 63/63 MP: 7/7
  4111 | D:5      | Killed Duvessa
  4194 | D:5      | Paralysed by the fury of Uskayaw for 7 turns
  4245 | D:5      | Noticed Dowan
  4250 | D:5      | Killed Dowan
  4251 | D:5      | Reached skill level 5 in Axes
  4543 | D:5      | Found a runed translucent gate.
  4544 | D:5      | Found a runed translucent gate.
  4545 | D:5      | Found a runed translucent gate.
  4546 | D:5      | Noticed rocketpapaya's ghost (novice KoHu)
  4596 | D:5      | Killed rocketpapaya's ghost
  4597 | D:5      | Reached skill level 7 in Fighting
  4597 | D:5      | Reached skill level 5 in Armour
  4597 | D:5      | Reached skill level 5 in Shields
  4597 | D:5      | Reached XP level 8. HP: 54/73 MP: 8/8
  4878 | D:5      | Found a sacrificial altar of Ru.
  5195 | D:5      | Noticed a hornet
  5198 | D:5      | Killed a hornet
  5199 | D:5      | Reached skill level 8 in Fighting
  5330 | D:5      | Found a shimmering altar of Xom.
  5330 | D:5      | Found a burning altar of Makhleb.
  5391 | D:6      | Found a glowing silver altar of Zin.
  5449 | D:6      | Reached XP level 9. HP: 82/82 MP: 9/9
  5595 | D:6      | Noticed Maggie
  5613 | D:6      | Killed from afar by Maggie

Illustrated notes

Levels and vault maps discovered:
D:1:      dpeg_arrival_long_road, layout_loops_ring, serial_forest,
          infiniplex_forest_corner_1, infiniplex_forest_end_2,
          infiniplex_forest_lined_2, infiniplex_forest_lined_corner,
          infiniplex_forest_zigzag_1, infiniplex_forest_end_2,
          infiniplex_forest_lined_room_, serial_bayou_crossing
D:2:      layout_basic, kennysheep_jessica_study
D:3:      layout_loops_ring, okawaru_altar_gauntlet_db,
          nicolae_uskayaw_murder_on_the_dancefloor,
          nicolae_overflow_hidden_temple, led_sif_pool
D:4:      layout_rooms, marbit_many_paths, kennysheep_doodads,
          serial_bayou_lake_a
D:5:      layout_basic, grunt_temple_overflow_champion_of_chaos,
          ebering_ghost_rock_garden, nicolae_ru_path_of_blood, uniq_duvessa
D:6:      layout_basic, overflow_temple_1_default, basic_altar, serial_shops,
          kennysheep_little_box, uniq_eustachio, uniq_blork_the_orc, uniq_maggie

Skill      XL: |  1  2  3  4  5  6  7  8  9 |
---------------+----------------------------+-----
Axes           | 3 4 5 6 |  6.7
Fighting       | 4 5 6 7 8 |  8.7
Evocations     | 1 2 3 4 |  4.3
Armour         | 4 5 6 |  6.1
Shields        | 4 5 6 |  6.0

Action                   |  1- 3 |  4- 6 |  7- 9 || total
-------------------------+-------+-------+-------++-------
Melee: War axe           |    80 |    82 |    90 ||   252
Throw: Dart              |       |       |     4 ||     4
Invok: Stomp             |       |     1 |       ||     1
  Use: Scroll            |       |     4 |     4 ||     8
       Potion            |       |       |     2 ||     2
 Stab: Paralysed         |       |     2 |       ||     2
Armor: Scale mail        |    47 |    38 |    37 ||   122
Dodge: Dodged            |    23 |    24 |    23 ||    70
Block: Kite shield       |    55 |    51 |    37 ||   143

Table legend: (Time is in decaauts)
 A = Elapsed time spent in this place.
 B = Non-inter-level travel time spent in this place.
 C = Inter-level travel time spent in this place.
 D = Time resting spent in this place.
 E = Time spent auto-exploring this place.
 F = Levels seen in this place.
 G = Mean time per level.
                   A        B        C        D        E       F      G
               +--------+--------+--------+--------+--------+-----+--------+
         Total |   5786 |   5484 |    302 |    427 |   4387 |   6 |  964.3 |
       Dungeon |   5786 |   5484 |    302 |    427 |   4387 |   6 |  964.3 |
               +--------+--------+--------+--------+--------+-----+--------+

Top non-repeatable levels by time:
     D:5: 1416 daAuts
     D:1: 1241 daAuts
     D:4: 1204 daAuts
     D:3: 931 daAuts
     D:2: 763 daAuts
     D:6: 229 daAuts
